Construct Infanterie Kompanie
Selects Luftwaffe Battlegroup
Selects Luftwaffe Pioneer Support
Fallschirmpioneer Squad Paradrop
Fallschirmpioneer Squad Paradrop
Fallschirmpioneer Squad Paradrop
Construct Luftwaffe Kompanie
Flak 30 Anti-aircraft Gun Team
Selects Reconnaissance Run
Construct Panzer Kompanie
Selects Stuka Strafing Run
Selects Fallschirmjäger Squad Paradrop
Selects Flak 38 Anti-Air Emplacement
Fallschirmpioneer Squad Paradrop
Luftwaffe Officer Quarters
Fallschirmpioneer Squad Paradrop